Description

Solid opener with an early harrass with ling bane

preferable vs Terran / Zerg

Scout Hotkey Main Army Hotkey Banelings Hotkey

Build Order

Get SALT Encoding   

  13  4:00  Overlord  
  17  4:01  Spawning Pool  
  17  4:02  Extractor  
  18  4:03  Hatchery  
  18  4:04  Queen  
  20  4:05  Zergling  Scout
  22  4:06  Overlord  
  22  4:07  Metabolic Boost  
  22  4:08  Zergling x2  Defense
  24  4:09  Queen  
  28  4:10  Queen  
  31  4:11  Baneling Nest  Take Drone from Extractor
  34  4:12  Overlord  
  34  4:13  Zergling x2  -> Four to six Banelings at Front
  36  4:14  Zergling x6  Rally Zerglings ...
  42  4:15  Baneling x4  ... and morph them at front
  42  4:16  Overlord  One Overlord + more Zerglings at a time
Spawning Tool Build Advisor. Get it on Overwolf

Go to:

Details

  • Created by: wuTz
  • Published on: Apr 04, 2017
  • Modified on: Apr 06, 2017
  • Patch: 3.8.0
Show
View Real Time Build Order
Export as new Build Order

Comments (1)

On July 22, 2022, 5:40 p.m., DiscoPingu  said:

Could you please fix the timings on the build order, or atleast kind of when all this should happen? :)

Create an account to comment!